 Dungeon Crawl Stone Soup version 0.23.1-37-gaa34b87 (webtiles) character file.

Game seed: 5768352091706650307

15659 Kirua the Severer (level 12, -7/105 HPs)
             Began as a Minotaur Fighter on Mar 21, 2019.
             Was a High Priest of Okawaru.
             Mangled by a large abomination (28 damage)
             ... on level 2 of the Abyss on Mar 23, 2019.
             The game lasted 01:13:05 (12488 turns).

Kirua the Severer (Minotaur Fighter)               Turns: 12488, Time: 01:13:06

Health: -7/105     AC: 19    Str: 25    XL:     12   Next: 3%
Magic:  12/13      EV: 10    Int:  5    God:    Okawaru [*****.]
Gold:   593        SH: 14    Dex: 11    Spells: 11/11 levels left

rFire    . . .     SeeInvis .   q - +0 war axe
rCold    . . .     Gourm    .   b - +0 shield
rNeg     . . .     Faith    .   p - +0 plate armour
rPois    .         Spirit   .   (helmet restricted)
rElec    .         Reflect  .   h - +0 cloak
rCorr    .         Harm     .   x - +0 pair of gloves
MR       .....                  (no boots)
Stlth    ..........             n - amulet of magic regeneration
HPRegen  0.27/turn              (no ring)
MPRegen  0.38/turn              (no ring)

@: heroism
A: retaliatory headbutt, horns 2
a: Heroism, Finesse, Renounce Religion


You were on level 2 of the Abyss.
You worshipped Okawaru.
Okawaru was extremely pleased with you.
You were hungry.

You visited 2 branches of the dungeon, and saw 11 of its levels.
You visited the Abyss 1 time.

You collected 733 gold pieces.
You spent 140 gold pieces at shops.

Inventory:

Hand Weapons
 q - a +0 war axe (weapon)
Missiles
 z - 10 tomahawks (quivered)
Armour
 b - a +0 shield (worn)
 h - a +0 cloak (worn)
 p - a +0 plate armour (worn)
 x - a +0 pair of gloves (worn)
Jewellery
 n - an amulet of magic regeneration (around neck)
Wands
 g - a wand of random effects (13)
 t - a wand of iceblast (3)
 y - a wand of flame (12)
 K - a wand of polymorph (8)
Scrolls
 c - a scroll of enchant weapon {unknown}
 i - 4 scrolls of remove curse
 s - 2 scrolls of enchant armour {unknown}
 u - a scroll of silence {unknown}
 w - a scroll of acquirement {unknown}
 B - a scroll of magic mapping
 C - a scroll of fear {unknown}
 D - 2 scrolls of teleportation
 F - a scroll of random uselessness {unknown}
 I - 2 scrolls of identify
Potions
 a - a potion of berserk rage {unknown}
 d - 4 potions of might
 e - 2 potions of magic
 j - 2 potions of agility {unknown}
 k - 2 potions of degeneration {unknown}
 l - a potion of flight {unknown}
 m - a potion of invisibility {unknown}
 o - a potion of mutation {unknown}
 r - 3 potions of brilliance
 v - a potion of curing {unknown}
 A - a potion of cancellation {unknown}
 E - a potion of resistance {unknown}
Miscellaneous
 H - a box of beasts
 J - a sack of spiders
Comestibles
 f - 20 rations


   Skills:
 + Level 9.5(14.5) Fighting
 * Level 15.1(20.1) Axes
 + Level 9.6(14.6) Armour
 - Level 0.2(5.2) Dodging
 - Level 0.7(5.7) Stealth
 * Level 10.8(15.8) Shields
 + Level 3.1 Invocations
 + Level 3.8 Evocations


You had 11 spell levels left.
You didn't know any spells.
Your spell library contained the following spells:

 Spells                   Type           Power        Failure   Level  Hunger
 Corona                   Hex            #......      99%         1    ##.....
 Ensorcelled Hibernation  Hex/Ice        #.....       99%         2    ###....
 Confuse                  Hex            #.......     100%        3    ####...
 Dazzling Spray           Conj/Hex       #.....       100%        3    ####...
 Tukima's Dance           Hex            #.......     100%        3    ####...
 Leda's Liquefaction      Hex/Erth       #.........   100%        4    #####..
 Bolt of Magma            Conj/Fire/Erth #.........   100%        5    ######.
 Iron Shot                Conj/Erth      #.........   100%        6    #######
 Statue Form              Tmut/Erth      #........    100%        6    #######
 Shatter                  Erth           #.........   100%        9    #######


Dungeon Overview and Level Annotations

Branches:
Dungeon (10/15)            Temple (1/1) D:4            Lair (0/6) D:10
    Orc (0/2) D:9

Altars:
Ashenzari
Cheibriados
Dithmenos
Elyvilon
Fedhas
Gozag
Hepliaklqana
Kikubaaqudgha
Makhleb
Nemelex Xobeh
Okawaru
Qazlal
Ru
Sif Muna
Trog
Uskayaw
Vehumet
Wu Jian
Xom
Yredelemnul
Zin
The Shining One

Shops:
D:4 *   D:6 ?


Innate Abilities, Weirdness & Mutations

You reflexively headbutt those who attack you in melee.
You have a pair of horns on your head.


Message History

You hit the large abomination but do no damage.
You headbutt the large abomination, but do no damage.
You closely miss the blink frog. You block the blink frog's attack.
Unknown command.
You barely miss the large abomination.
You hit the blink frog but do no damage.
The blink frog hits you!
* * * LOW HITPOINT WARNING * * *
You block the large abomination's attack.
Unknown command.
You hit the large abomination but do no damage.
You headbutt the large abomination!
The large abomination is lightly damaged.
You slash the blink frog! You block the blink frog's attack.
You hit the large abomination but do no damage.
Your headbutt misses the large abomination.
The large abomination is lightly damaged.
You closely miss the blink frog.
The blink frog blinks!
The large abomination hits you!!
You die...

#..#...X..###..#
#........ # # ##
.#.#.#.#.....##
. #...F.# . ...
) #.# . ### ....
# ## ##.# # # #
###§.#..#.# # #
#.§##.####
###@†##
#.....X.#
#..#...#F# #..##
.# #.. .# #. .#
. .# .. ..


You could see a large abomination and a blink frog.

Vanquished Creatures
  A draconian shifter (Abyss:2)
  A hydra (D:9)
  2 two-headed ogres
  A wretched star (Abyss:2)
  An unseen horror (Abyss:2)
  Pikel (D:8)
  An orange demon (Abyss:2)
  A demonic crawler (Abyss:2)
  A troll (D:9)
  2 dream sheep (D:9)
  A hippogriff (D:9)
  3 blink frogs (Abyss:2)
  A ynoxinul (Abyss:2)
  10 yaks
  A hungry ghost (D:7)
  2 water moccasins
  3 porcupines (D:10)
  A small abomination (Abyss:2)
  2 slaves (D:8)
  8 orc warriors
  2 ice beasts
  3 sky beasts
  12 ogres
  3 phantoms
  4 black bears
  2 wolves (D:10)
  7 centaurs
  3 crocodiles (D:10)
  8 big kobolds
  8 bullfrogs
  3 scorpions
  18 killer bees
  9 howler monkeys
  4 crimson imps
  2 quasits
  3 bullfrog zombies
  3 hounds
  A jelly (D:5)
  2 bullfrog skeletons
  7 orc priests
  3 orc wizards
  3 iguanas
  6 worker ants
  A killer bee zombie (D:5)
  A hound zombie (D:6)
  A hound skeleton (D:6)
  A gnoll (D:8)
  8 adders
  3 shadow imps
  An ooze (D:2)
  2 adder zombies (D:8)
  An adder skeleton (D:5)
  7 worms
  3 dart slugs (D:1)
  7 leopard geckos
  28 orcs
  2 giant cockroaches
  11 goblins
  10 hobgoblins
  A jackal (D:6)
  4 quokkas
  A ball python (D:2)
  7 bats
  3 frilled lizards
  A jackal zombie (D:5)
  20 kobolds
  A quokka skeleton (D:5)
  A quokka zombie (D:7)
  10 rats
  2 fungi (D:7)
  2 plants (D:7)
300 creatures vanquished.

Vanquished Creatures (others)
  3 fungi (D:10)
  5 plants (D:10)
8 creatures vanquished.

Grand Total: 308 creatures vanquished

Notes
Turn   | Place    | Note
-------+----------+-------------------------------------------
     0 | D:1      | Kirua the Minotaur Fighter began the quest for the Orb.
     0 | D:1      | Reached XP level 1. HP: 19/19 MP: 0/0
    34 | D:1      | Reached XP level 2. HP: 27/27 MP: 1/1
   594 | D:1      | Reached XP level 3. HP: 32/33 MP: 2/2
   768 | D:2      | Reached skill level 3 in Axes
  1331 | D:2      | Reached XP level 4. HP: 34/41 MP: 3/3
  1757 | D:3      | Reached skill level 4 in Axes
  1757 | D:3      | Reached XP level 5. HP: 40/47 MP: 4/4
  2018 | D:3      | Reached skill level 5 in Fighting
  2275 | D:4      | Reached skill level 5 in Axes
  2569 | D:4      | Noticed a phantom
  2599 | D:4      | Killed a phantom
  2599 | D:4      | Reached XP level 6. HP: 35/56 MP: 5/5
  2719 | D:4      | Reached skill level 6 in Axes
  2757 | D:4      | Found a staircase to the Ecumenical Temple.
  2771 | D:4      | Found a shimmering altar of Xom.
  2793 | D:4      | Found Jallecener's Mass Market.
  2801 | D:4      | Bought a +0 executioner's axe for 140 gold pieces
  2835 | D:4      | Reached skill level 7 in Axes
  2835 | D:4      | Reached skill level 5 in Armour
  2835 | D:4      | Reached XP level 7. HP: 61/61 MP: 6/6
  3062 | D:5      | Entered Level 5 of the Dungeon
  3267 | D:5      | Noticed a yak
  3280 | D:5      | Noticed a yak
  3282 | D:5      | Noticed a yak
  3282 | D:5      | Noticed a yak
  3285 | D:5      | Killed a yak
  3285 | D:5      | Reached skill level 8 in Axes
  3290 | D:5      | Killed a yak
  3290 | D:5      | Reached skill level 9 in Axes
  3290 | D:5      | Reached XP level 8. HP: 27/70 MP: 7/7
  3694 | D:5      | Reached skill level 10 in Axes
  4527 | D:6      | Reached skill level 11 in Axes
  4527 | D:6      | Reached skill level 5 in Shields
  4534 | D:6      | Reached XP level 9. HP: 22/78 MP: 8/8
  5450 | D:6      | Found a shattered altar of Ashenzari.
  5584 | D:6      | Found Elall's Magic Scroll Emporium.
  5738 | D:7      | Reached skill level 12 in Axes
  5770 | D:7      | Found a blossoming altar of Fedhas.
  5779 | D:7      | Found a sparkling altar of Nemelex Xobeh.
  6176 | D:7      | Paralysed by fainting for 11 turns
  6528 | D:8      | Found a deep blue altar of Sif Muna.
  6550 | D:8      | Noticed a two-headed ogre
  6557 | D:8      | Killed a two-headed ogre
  6557 | D:8      | Reached skill level 13 in Axes
  6557 | D:8      | Reached XP level 10. HP: 57/88 MP: 9/9
  6934 | D:8      | Noticed Pikel
  6948 | D:8      | Killed Pikel
  7744 | D:8      | Found a stormy altar of Qazlal.
  8069 | Temple   | Entered the Ecumenical Temple
  8313 | Temple   | Became a worshipper of Warmaster Okawaru
  8699 | D:9      | Noticed a +0 dagger
  8712 | D:9      | Noticed a +0 dagger
  8713 | D:9      | Found a staircase to the Orcish Mines.
  8737 | D:9      | Reached skill level 1 in Evocations
  9046 | D:8      | Reached * piety under Okawaru
  9419 | D:9      | Reached skill level 14 in Axes
  9861 | D:9      | Reached XP level 11. HP: 93/95 MP: 11/11
  9864 | D:9      | Reached ** piety under Okawaru
 10018 | D:9      | Noticed a two-headed ogre
 10031 | D:9      | Killed a two-headed ogre
 10031 | D:9      | Reached *** piety under Okawaru
 10288 | D:9      | Found a bloodstained altar of Trog.
 10308 | D:9      | Found a hide-covered altar of Uskayaw.
 10444 | D:9      | Noticed a three-headed hydra
 10461 | D:9      | Killed a 14-headed hydra
 10461 | D:9      | Reached skill level 1 in Invocations
 10809 | D:10     | Entered Level 10 of the Dungeon
 11066 | D:10     | Reached skill level 10 in Shields
 11124 | D:10     | Reached **** piety under Okawaru
 11566 | D:10     | Found a staircase to the Lair.
 11854 | D:10     | Noticed a wizard
 12196 | D:10     | Noticed a wizard
 12197 | D:10     | Cast into level 2 of the Abyss (a wizard)
 12262 | Abyss:2  | Noticed a spatial maelstrom
 12295 | Abyss:2  | HP: 4/97 [hellion/damnation (20)]
 12369 | Abyss:2  | Noticed a large abomination
 12371 | Abyss:2  | Noticed a green draconian shifter
 12402 | Abyss:2  | Killed a green draconian shifter
 12402 | Abyss:2  | Reached skill level 15 in Axes
 12441 | Abyss:2  | Noticed a wretched star
 12450 | Abyss:2  | Noticed a wretched star
 12455 | Abyss:2  | Killed an unseen horror
 12461 | Abyss:2  | Killed a wretched star
 12461 | Abyss:2  | Reached ***** piety under Okawaru
 12476 | Abyss:2  | Noticed a starcursed mass
 12483 | Abyss:2  | Reached XP level 12. HP: 31/105 MP: 10/13
 12488 | Abyss:2  | Mangled by a large abomination

Skill      XL: |  1  2  3  4  5  6  7  8  9 10 11 |
---------------+----------------------------------+-----
Fighting       | 4 5 6 7 8 9 |  9.5
Armour         | 4 5 6 7 8 9 |  9.6
Shields        | 4 5 7 9 10 | 10.8
Axes           | 3 4 5 7 9 11 13 14 15 | 15.1
Evocations     | 2 3 |  3.8
Invocations    | 3 |  3.1
Dodging        | |  0.2
Stealth        | |  0.7

Action                   |  1- 3 |  4- 6 |  7- 9 | 10-12 || total
-------------------------+-------+-------+-------+-------++-------
Melee: War axe           |   100 |    97 |   272 |   565 ||  1034
       Headbutt          |    12 |    19 |    57 |   118 ||   206
Invok: Heroism           |       |       |       |     8 ||     8
Evoke: Wand              |       |       |       |     1 ||     1
  Use: Scroll            |       |     2 |     7 |     5 ||    14
       Potion            |       |       |       |     3 ||     3
  Eat: Chunk             |     1 |     5 |     6 |    12 ||    24
       Ration            |       |       |     3 |     2 ||     5
Armor: Scale mail        |    43 |    24 |       |       ||    67
       Chain mail        |       |     1 |   154 |    50 ||   205
       Plate armour      |       |       |       |   189 ||   189
Dodge: Dodged            |    36 |    27 |    84 |   131 ||   278
Block: Shield            |    62 |    40 |   144 |   355 ||   601
